Map: Cyber Forest LE

Players

IronGear - Winner!

  • Race: Protoss Protoss
  • League: Gold
  • Spawn Location: 5:00

TiPtOP

  • Race: Terran Terran
  • League: Silver
  • Spawn Location: 11:00

VOD

Have the link to the VOD?

Description

Time

  • Played on: Aug. 18, 2019, 8:31 p.m.
  • Length: 6:59
Show
View Real Time Build Order
Export as new Build Order

IronGear Protoss - Winner!

Build Orders:  

Get SALT Encoding   

  12  0:07  Probe  
  13  0:15  Probe  
  14  0:23  Probe  
  14  0:27  Pylon  
  15  0:45  Probe  
  15  0:47  Gateway  
  16  0:50  Assimilator  
  17  0:57  Probe  
  17  1:07  Gateway  
  17  1:08  Probe  
  18  1:16  Probe  
  18  1:24  Probe  
  20  1:36  Probe  
  20  1:37  Cybernetics Core  
  21  2:03  Nexus  
  21  2:04  Assimilator  
  21  2:08  Adept, Pylon  
  23  2:25  Warp Gate  
  23  2:26  Adept  
  25  2:30  Probe  
  26  2:39  Pylon  
  26  2:43  Probe  
  27  2:49  Stalker  
  29  2:56  Probe  
  30  3:08  Probe  
  30  3:11  Robotics Facility  
  31  3:15  Pylon  
  31  3:20  Probe  
  31  3:23  Probe  
  33  3:35  Probe  
  34  3:57  Gateway  
  34  3:58  Gateway  
  34  4:00  Warp Prism  
  36  4:15  Stalker x2  
  36  4:16  Probe  
  41  4:18  Probe  
  41  4:20  Assimilator  
  41  4:22  Assimilator  
  42  4:26  Probe  
  42  4:28  Probe  
  44  5:14  Pylon  
  44  5:15  Immortal  
  44  5:20  Gateway  
  48  5:25  Gateway x2  
  48  5:27  Gateway  
  48  5:29  Probe  
  48  5:30  Gateway  
  48  5:32  Probe  
  50  5:35  Pylon  
  50  5:37  Probe  
  51  5:44  Probe  
  52  5:50  Stalker x4  
  58  6:14  Adept x3  
  58  6:15  Adept  
  64  6:25  Probe x2, Pylon  
  64  6:37  Zealot x6, Probe  
Show
View Real Time Build Order
Export as new Build Order

TiPtOP Terran 

Build Orders:  

Get SALT Encoding   

  12  0:01  SCV  
  13  0:13  SCV  
  14  0:23  Supply Depot  
  14  0:25  SCV  
  15  0:45  SCV  
  15  0:47  Refinery  
  16  0:50  Barracks  
  16  0:57  SCV  
  17  1:09  SCV  
  18  1:21  SCV  
  19  1:32  Command Center  
  19  1:43  Orbital Command  
  19  2:12  SCV  
  20  2:17  Factory  
  20  2:24  SCV, Barracks Tech Lab  
  21  2:30  Supply Depot  
  21  2:36  SCV  
  21  2:53  Marine  
  22  3:04  Engineering Bay  
  22  3:06  Orbital Command  
  22  3:11  Marine  
  23  3:13  SCV  
  24  3:25  SCV  
  24  3:37  SCV  
  24  3:41  Marine  
  25  3:42  Hellion  
  27  3:51  Supply Depot x2  
  27  4:05  SCV  
  28  4:17  SCV  
  29  4:31  Siege Tank  
  30  4:42  SCV  
  31  4:45  Armory  
  31  4:50  Command Center  
  31  4:54  SCV  
  31  4:55  Supply Depot  
  31  5:01  Factory  
  31  5:06  SCV  
  30  5:15  Orbital Command  
  30  5:24  Siege Tank  
  33  5:29  SCV  
  34  5:41  SCV  
  35  5:53  Hellion  
  30  6:07  Marine  
  23  6:15  Hellion  
  23  6:18  Hellbat  
  8  6:25  Marine  
Tags
 
Add a new tag
Caveats
  • Supply blocks, unpowered buildings, or Contaminate may cause inaccurate times.
  • Supply counts are checked every 10 seconds.